 Dungeon Crawl Stone Soup version 0.31-a0-233-g139696dc86 (webtiles) character file.

Game seed: 10812309790215825581

222 qw the Shooter (level 5, 0/32 HPs)
             Began as a Gargoyle Hexslinger on July 7, 2023.
             Slain by a gnoll
             ... wielding a +0 spear
              (2 damage)
             ... on level 3 of the Dungeon.
             The game lasted 00:00:52 (1795 turns).

qw the Shooter (Gargoyle Hexslinger)                Turns: 1795, Time: 00:00:52

Health: 0/32       AC:  9    Str: 12    XL:     5   Next: 99%
Magic:  6/6        EV: 10    Int: 13    God:
Gold:   55         SH:  0    Dex: 14    Spells: 5/6 levels left

rFire   . . .        Y - +1 sling
rCold   . . .        (no shield)
rNeg    + . .        g - +0 ring mail
rPois   inf          (no helmet)
rElec   +            (no cloak)
rCorr   .            (no gloves)
SInv    .            (no boots)
Will    .....        (no amulet)
Stlth   +            (no ring)
HPRegen 0.25/turn    (no ring)
MPRegen 0.10/turn

%: no passive effects
@: about to teleport
A: sickness immunity, AC +4, negative energy resistance 1, electricity
resistance, torment resistance 1, petrification resistance
a: no special abilities


You were on level 3 of the Dungeon.
You visited 1 branch of the dungeon, and saw 3 of its levels.

You collected 55 gold pieces.


Innate Abilities, Weirdness & Mutations

You are immune to sickness and miasma.
Your stone body is resilient. (AC +4)
You are immune to poison.
You resist negative energy. (rN+)
You are resistant to electric shocks. (rElec)
You are resistant to unholy torment.
You are immune to petrification.


   Skills:
 - Level 3.0 Fighting
 + Level 5.1 Ranged Weapons
 - Level 1.3 Armour
 - Level 1.5 Dodging
 - Level 1.0 Spellcasting
 - Level 2.6 Hexes


You had 5 spell levels left.
You knew the following spells:

 Your Spells              Type           Power      Damage    Failure   Level
a - Slow                  Hex            28%        N/A       21%         1

Your spell library contained the following spells:

 Spells                   Type           Power      Damage    Failure   Level
 Inner Flame              Hex/Fire       4%         N/A       71%         3
 Portal Projectile        Hex/Tloc       8%         N/A       71%         3
 Cause Fear               Hex            3%         N/A       90%         4

Inventory:

Hand Weapons
 Y - a +1 sling (weapon)
Armour
 g - a +0 ring mail (worn)
Potions
 b - a potion of might {unknown}
 d - 2 potions of curing {unknown}
 f - a potion of mutation {unknown}
 h - a potion of haste {unknown}

Dungeon Overview and Level Annotations

Branches:
Dungeon (3/15)

Altars:


Message History

The gnoll hits you but does no damage. The gnoll closely misses you.
The gnoll hits you but does no damage.
You shoot a sling bullet.
The sling bullet hits the gnoll but does no damage.
The gnoll is severely wounded.
The gnoll hits you from afar with a +1 spear of flaming.
The gnoll burns you. The gnoll closely misses you.
The gnoll hits you from afar with a +0 spear.
You shoot a sling bullet. The sling bullet hits the gnoll.
The gnoll is almost dead.
The gnoll misses you.
The gnoll hits you from afar with a +0 spear.
The gnoll barely misses you.
You shoot a sling bullet. The sling bullet hits the gnoll.
You kill the gnoll!
You hear a shout!
A gnoll comes into view. It is wielding a +0 spear.
The gnoll hits you but does no damage. The gnoll barely misses you.
The gnoll hits you from afar with a +0 spear. x2
You shoot a sling bullet.
The sling bullet barely misses the gnoll.
The gnoll hits you from afar with a +0 spear. x2
1792 ||| READING scroll of teleportation.
As you read the scroll of teleportation, it crumbles to dust.
You feel strangely unstable. The gnoll hits you but does no damage.
The gnoll hits you from afar with a +0 spear.
The gnoll closely misses you.
You shoot a sling bullet. The sling bullet hits the gnoll.
The gnoll is severely wounded.
The gnoll hits you but does no damage. The gnoll closely misses you.
The gnoll hits you but does no damage.
You shoot a sling bullet. The sling bullet hits the gnoll.
The gnoll is almost dead.
The gnoll misses you. The gnoll closely misses you. x2
You shoot a sling bullet.
The sling bullet hits the gnoll but does no damage.
The gnoll is almost dead.
The gnoll hits you from afar with a +0 spear.
You die...

### ...# ### ..# #... ..
#.########## #..#.. #..........#
##..#. #..#######.# #...$
.......# #.# #gg)# #..###.#
#.#.##...###.# #..# #.#
#.#..g.@.....#
#..###.###.####.#######
...%.......# #...# ######.#####
##.## #+## #.# #.# ##...## ####.#
#.### ##.....## ##.##.# #.#.##
##.......##
##...#.########....####.........#
......................'.........+


You could see 3 gnolls.

Vanquished Creatures
  A phantom (D:3)
  A jelly (D:3)
  4 gnolls (D:3)
  2 adders (D:2)
  2 dart slugs
  7 ball pythons
  6 endoplasms
  4 giant cockroaches
  5 goblins
  2 hobgoblins
  3 quokkas (D:1)
  2 bats (D:1)
  2 frilled lizards
  5 kobolds
  3 rats
49 creatures vanquished.

Notes
Turn   | Place    | Note
-------+----------+-------------------------------------------
     0 | D:1      | qw the Gargoyle Hexslinger began the quest for the Orb.
     0 | D:1      | Reached XP level 1. HP: 12/12 MP: 2/2
     0 | D:1      | 0 ||| qw: Version: 0.3-a-46-gb1f654a
     0 | D:1      | 0 ||| qw: Game counter: 3276
     0 | D:1      | 0 ||| qw: Melee chars always use a shield: true
     0 | D:1      | 0 ||| qw: God list: Okawaru
     0 | D:1      | 0 ||| qw: Allow faded altars: false
     0 | D:1      | 0 ||| qw: Do Orc after clearing Dungeon:15 true
     0 | D:1      | 0 ||| qw: Do second Lair branch before Depths: true
     0 | D:1      | 0 ||| qw: Lair rune preference: random
     0 | D:1      | 0 ||| qw: Goals: Normal
     0 | D:1      | 0 ||| PLANNING D:1-11
   114 | D:1      | Reached XP level 2. HP: 15/16 MP: 3/3
   199 | D:1      | Reached skill level 3 in Ranged Weapons
   262 | D:1      | HP: 4/16 [frozen (2)]
   444 | D:1      | Reached XP level 3. HP: 21/21 MP: 4/4
   608 | D:1      | 608 ||| UPGRADING to +0 ring mail.
   618 | D:1      | 618 ||| DROPPING +0 robe.
   619 | D:1      | 619 ||| READING scroll labelled QOXEEVVUSI.
   620 | D:1      | 620 ||| READING 2 scrolls labelled LOLUJITUIG.
   624 | D:1      | 624 ||| DROPPING scroll of poison.
   912 | D:2      | Found a faded altar of an unknown god.
   931 | D:2      | Reached XP level 4. HP: 24/26 MP: 5/5
  1274 | D:2      | 1274 ||| READING scroll labelled QAQYQA BUEGA.
  1275 | D:2      | 1275 ||| READING scroll labelled OKHLEF TAUBEPUE.
  1294 | D:3      | Reached skill level 4 in Ranged Weapons
  1347 | D:3      | Reached skill level 1 in Armour
  1445 | D:3      | 1445 ||| FLEEEEING.
  1590 | D:3      | Noticed a phantom
  1607 | D:3      | HP: 4/26 [phantom (5)]
  1608 | D:3      | 1608 ||| READING 2 scrolls of teleportation.
  1609 | D:3      | Killed a phantom
  1610 | D:3      | Reached skill level 5 in Ranged Weapons
  1610 | D:3      | Reached XP level 5. HP: 6/30 MP: 6/6
  1757 | D:3      | Reached skill level 3 in Fighting
  1791 | D:3      | HP: 7/32 [gnoll/+0 spear (6)]
  1792 | D:3      | 1792 ||| READING scroll of teleportation.
  1792 | D:3      | HP: 1/32 [gnoll/+0 spear (3)]
  1795 | D:3      | Slain by a gnoll

Levels and vault maps discovered:
D:1:      sevenhm_arrival_forest_fort_small_3, layout_basic
D:2:      layout_basic, basic_ecumenical_altar, st_stairs_11
D:3:      layout_loops_corners

Skill      XL: |  1  2  3  4  5 |
---------------+----------------+-----
Ranged Weapons | 3 5 |  5.1
Fighting       | 2 3 |  3.0
Armour         | 1 |  1.3
Dodging        | |  1.5
Spellcasting   | |  1.0
Hexes          | |  2.6

Action                     |  1- 3 |  4- 6 || total
---------------------------+-------+-------++-------
   Fire: Sling             |   151 |    81 ||   232
    Use: Scroll            |     2 |     4 ||     6
 Armour: Robe              |    18 |       ||    18
         Ring mail         |    10 |    26 ||    36
  Dodge: Dodged            |    59 |    27 ||    86

Table legend:
 A = Non-vault XP
 B = Vault XP
 C = Vault XP percentage of total XP
 D = Non-vault monster count
 E = Vault monster count
 F = Vault count percentage of total count
                 A         B        C        D         E       F
            +---------+---------+-------+---------+---------+-------
      Total |     313 |       5 |   1.6 |      46 |       3 |   6.1
            +---------+---------+-------+---------+---------+-------
        D:1 |      43 |       0 |   0.0 |      24 |       0 |   0.0
        D:2 |      44 |       5 |  10.2 |      12 |       3 |  20.0
        D:3 |     226 |       0 |   0.0 |      10 |       0 |   0.0
            +---------+---------+-------+---------+---------+-------
